 Dungeon Crawl Stone Soup version 0.29.0-7-g18a832c13a (webtiles) character file.

Game seed: 4001765522796463102

2001 robertstho the Magician (level 9, -2/61 HPs)
             Began as a Djinni Fire Elementalist on Aug 31, 2022.
             Was a Follower of Makhleb.
             Slain by a wight
             ... wielding a +4 great sword
              (6 damage)
             ... on level 8 of the Dungeon.
             The game lasted 00:09:55 (9708 turns).

robertstho the Magician (Djinni Fire Elementalist)  Turns: 9708, Time: 00:09:56

Health: -2/61      AC:  5    Str:  7    XL:     9   Next: 45%
Gold:   407        EV: 13    Int: 21    God:    Makhleb [*.....] SH:  0 Dex: 14

rFire   + + +      SeeInvis .   v - +4 longbow "Heclit" {flame, Drain rF+ Int+2}
rCold   + . .      Faith    .   (shield currently unavailable)
rNeg    . . .      Spirit   .   c - +0 robe {rC+ rF+}
rPois   ∞          Reflect  .   (no helmet)
rElec   .          Harm     .   (no cloak)
rCorr   .          Rampage  .   j - +2 pair of gloves of the Raven {rF+ rC+ Will+ Int-2}
Will    ++...                   (boots unavailable)
Stlth   ++........              (no amulet)
HPRegen 0.20/turn               h - ring of willpower
MPRegen 0.00/turn               (no ring)

@: flying
A: sickness immunity, fire resistance 2, cold vulnerability 1, float, innate
caster, HP casting, extra vitality 1
a: Renounce Religion


You were on level 8 of the Dungeon.
You worshipped Makhleb.
Makhleb was aware of your devotion.
You visited 1 branch of the dungeon, and saw 8 of its levels.

You collected 407 gold pieces.

Inventory:

Hand Weapons
 e - a +0 dagger
 i - a +0 long sword
 m - a +4 falchion
 v - the +4 longbow "Heclit" (weapon) {flame, Drain rF+ Int+2}
   (You found it on level 6 of the Dungeon)

   Any ammunition fired from it burns those it strikes, dealing additional fire
   damage.
   Int:       It affects your intelligence (+2).
   rF:        It protects you from fire.
   Drain:     It drains your maximum health when unequipped.
Armour
 c - a +0 robe of resistance (worn)
 j - the +2 pair of gloves of the Raven (worn) {rF+ rC+ Will+ Int-2}
   (You found it on level 2 of the Dungeon)

   Int:       It affects your intelligence (-2).
   rF:        It protects you from fire.
   rC:        It protects you from cold.
   Will:      It increases your willpower.
Jewellery
 h - a ring of willpower (left hand)
Wands
 o - a wand of digging (7)
 r - a wand of paralysis (14)
 w - a wand of flame (26)
Scrolls
 p - 2 scrolls of vulnerability
 q - 2 scrolls of enchant weapon {unknown}
 s - a scroll of fear {unknown}
 t - a scroll of silence {unknown}
Potions
 a - 3 potions of haste
 b - 3 potions of heal wounds
 d - 5 potions of curing
 f - 2 potions of degeneration {unknown}
 g - 3 potions of ambrosia {unknown}
 k - 3 potions of invisibility {unknown}
 l - 3 potions of might
 n - a potion of lignification
 x - a potion of mutation {unknown}


   Skills:
 * Level 3.6 Fighting
 + Level 0.5 Long Blades
 + Level 3.4 Ranged Weapons
 + Level 3.1 Dodging
 + Level 2.2 Stealth
 * Level 7.3 Spellcasting
 * Level 3.4 Invocations


You had one spell level left.
You knew the following spells:

 Your Spells              Type           Power      Damage    Failure   Level
a - Foxfire               Conj/Fire      100%       2x1d9     1%          1
b - Scorch                Fire           76%        2d8       1%          2
c - Conjure Flame         Conj/Fire      38%        6-21      1%          3
d - Inner Flame           Hex/Fire       38%        N/A       1%          3
e - Flame Wave            Conj/Fire      38%        2d10      4%          4
f - Sting                 Tmut/Pois      100%       1d8       1%          1
g - Poisonous Vapours     Pois/Air       76%        N/A       1%          2
h - Passwall              Tmut/Erth      31%        N/A       1%          2
i - Stone Arrow           Conj/Erth      76%        3d11      1%          3
Your spell library was empty.

Dungeon Overview and Level Annotations

Branches:
Dungeon (8/15)             Temple (0/1) D:4
   Lair: D:8-11

Altars:
Ashenzari
Cheibriados
Makhleb
Okawaru
Qazlal
Trog
Uskayaw
Xom
Zin
The Shining One

Shops:
D:6 (


Innate Abilities, Weirdness & Mutations

You are immune to sickness and miasma.
You are immune to poison.
Your flesh is very heat resistant. (rF++)
You are vulnerable to cold. (rC-)
You float through the air rather than walking.
You learn spells naturally, not from books.
Your magical power is your life essence.
You have superior vitality. (+4 MHP)


Message History

The magic dart hits you.
The wight moves out of view.
A wight comes into view. It is wielding a +2 flail.
You shoot an arrow. The arrow closely misses the orc.
You shoot an arrow. The arrow hits the orc!
The arrow burns the orc.
You kill the orc!
Makhleb accepts your kill.
You shoot an arrow. The arrow misses the orc wizard.
The arrow hits the wight.
The arrow burns the wight.
The wight is heavily damaged.
The orc wizard casts a spell at you. The magic dart hits you!
A wight comes into view. It is wielding a +5 falchion.
You shoot an arrow. The arrow hits the orc wizard.
The arrow burns the orc wizard.
The orc wizard is heavily wounded.
The orc wizard hits you with a +0 dagger.
The orc wizard gestures at you while chanting.
The magic dart hits you but does no damage.
You shoot an arrow. The arrow hits the orc wizard!
The arrow burns the orc wizard.
You kill the orc wizard!
Makhleb accepts your kill.
You can now gain health from killing.
Unknown command.
You shoot an arrow. The arrow hits the wight!
The arrow burns the wight.
The wight is severely damaged.
You shoot an arrow.
The arrow hits the wight but does no damage.
The wight is severely damaged.
The wight hits you with a +2 flail!
The wight hits you with a +4 great sword!!
* * * LOW HITPOINT WARNING * * *
You are too injured to fight recklessly!
The wight attacks as you move away!
The wight hits you with a +4 great sword!
* * * LOW HITPOINT WARNING * * *
The wight attacks as you move away! The wight barely misses you.
The wight attacks as you move away! The wight barely misses you.
The wight attacks as you move away!
The wight hits you with a +4 great sword.
You die...

##.##
#...#
+.8.
z..
#z#
##)##
#z..#
#z8z#
#.@.#
##<##
###


You could see 5 wights.

Vanquished Creatures
  A water moccasin (D:5)
  An ice beast (D:7)
  2 black bears (D:5)
  A centaur (D:7)
  3 necrophages
  Blork the orc (D:5)
  3 bullfrogs
  A scorpion (D:7)
  3 wights (D:7)
  A howler monkey (D:7)
  A crimson imp (D:4)
  3 hounds
  2 jellies
  3 orc priests
  3 iguanas
  11 orc wizards
  A gnoll (D:1)
  7 adders
  A white imp (D:7)
  2 ufetubi
  4 worms
  2 dart slugs
  19 orcs
  8 bats
  5 endoplasms
  9 giant cockroaches
  12 goblins
  12 hobgoblins
  8 jackals
  4 quokkas
  7 ball pythons
  3 frilled lizards
  5 kobolds
  6 rats
155 creatures vanquished.

Vanquished Creatures (collateral kills)
  4 foxfires (D:1)
4 creatures vanquished.

Vanquished Creatures (others)
  322 foxfires
322 creatures vanquished.

Grand Total: 481 creatures vanquished

Notes
Turn   | Place    | Note
-------+----------+-------------------------------------------
     0 | D:1      | robertstho the Djinni Fire Elementalist began the quest for
                  | the Orb.
     0 | D:1      | robertstho set off with the following spells memorised:
                  | Foxfire, Scorch, Conjure Flame, Inner Flame, Flame Wave.
     0 | D:1      | Reached XP level 1. HP: 15/15 MP: 0/0
   325 | D:1      | Reached XP level 2. HP: 18/22 MP: 0/0
   608 | D:1      | Reached skill level 3 in Spellcasting
   923 | D:1      | Reached XP level 3. HP: 17/26 MP: 0/0
   923 | D:1      | Learned a level 1 spell: Sting
  1237 | D:1      | Found a faded altar of an unknown god.
  1497 | D:2      | Reached XP level 4. HP: 25/31 MP: 0/0
  2069 | D:2      | Identified the +2 pair of gloves of the Raven {rF+ rC+
                  | Will+ Int-2}
  2442 | D:2      | Reached skill level 1 in Fighting
  3055 | D:3      | Reached XP level 5. HP: 30/37 MP: 0/0
  3055 | D:3      | Learned a level 2 spell: Poisonous Vapours
  3213 | D:3      | Reached skill level 4 in Spellcasting
  4481 | D:4      | Reached XP level 6. HP: 30/42 MP: 0/0
  4585 | D:4      | Found a hide-covered altar of Uskayaw.
  4638 | D:4      | Found an iron altar of Okawaru.
  4682 | D:4      | Reached skill level 5 in Spellcasting
  4986 | D:4      | Found a glowing silver altar of Zin.
  5247 | D:4      | Found a shimmering altar of Xom.
  5248 | D:4      | Found a burning altar of Makhleb.
  5263 | D:4      | Reached XP level 7. HP: 49/49 MP: 0/0
  5263 | D:4      | Learned a level 2 spell: Passwall
  5298 | D:4      | Became a worshipper of Makhleb the Destroyer
  5763 | D:4      | Found a staircase to the Ecumenical Temple.
  5994 | D:5      | Entered Level 5 of the Dungeon
  6097 | D:5      | Found a bloodstained altar of Trog.
  6244 | D:5      | Noticed Blork the orc
  6248 | D:5      | Reached skill level 6 in Spellcasting
  6252 | D:5      | Killed Blork the orc
  6253 | D:5      | Reached XP level 8. HP: 17/55 MP: 0/0
  6691 | D:5      | Reached skill level 1 in Invocations
  7481 | D:6      | Identified the +4 longbow "Heclit" {flame, Drain rF+ Int+2}
  7536 | D:6      | Found a stormy altar of Qazlal.
  7608 | D:6      | Found Ariheefe's Antique Weapon Shop.
  7730 | D:6      | Reached skill level 7 in Spellcasting
  8148 | D:7      | Found a snail-covered altar of Cheibriados.
  8166 | D:7      | Reached skill level 1 in Ranged Weapons
  8325 | D:7      | Reached XP level 9. HP: 60/60 MP: 0/0
  8325 | D:7      | Learned a level 3 spell: Stone Arrow
  9056 | D:7      | Found a broken altar of Ashenzari.
  9377 | D:8      | Found a glowing golden altar of the Shining One.
  9703 | D:8      | Reached * piety under Makhleb
  9706 | D:8      | HP: 3/61 [wight/+4 great sword (10)]
  9708 | D:8      | Slain by a wight

Illustrated notes

Levels and vault maps discovered:
D:1:      saegor_arrival_simple_a, layout_rooms,
          hellmonk_ecumenical_altar_leap_of_faith, nicolae_grassy_gnolls
D:2:      layout_loops_cross
D:3:      layout_basic, minmay_goblin_kobold_house
D:4:      layout_basic, grunt_temple_overflow_champion_of_chaos,
          nicolae_overflow_hidden_temple, minmay_temple_entry_enclosed_plants
D:5:      layout_basic, mainiacjoe_overflow_cross_hatched,
          hangedman_decor_riveting, nicolae_hexahallways, uniq_blork_the_orc
D:6:      layout_basic, mainiacjoe_overflow_tiny_flanked, serial_shops,
          shop_fountains
D:7:      layout_basic, nicolae_ashenzari_skybound, old_standard_altar
D:8:      layout_loops_cross, nicolae_gozag_cash_rules_everything_around_me,
          mainiacjoe_overflow_24_doors, minmay_holes, grunt_ministairs_5,
          uniq_pikel

Skill      XL: |  1  2  3  4  5  6  7  8  9 |
---------------+----------------------------+-----
Spellcasting   | 3 4 5 6 7 |  7.3
Fighting       | 1 2 3 |  3.6
Invocations    | 2 3 |  3.4
Stealth        | 2 |  2.2
Ranged Weapons | 1 3 |  3.4
Dodging        | 3 |  3.1
Long Blades    | |  0.5

Action                   |  1- 3 |  4- 6 |  7- 9 || total
-------------------------+-------+-------+-------++-------
Melee: Dagger            |     5 |     9 |       ||    14
       Falchion          |       |    15 |     5 ||    20
 Fire: Longbow           |       |       |    99 ||    99
 Cast: Foxfire           |    49 |   121 |    35 ||   205
       Scorch            |    13 |    51 |    35 ||    99
       Flame Wave        |       |       |     1 ||     1
       Stone Arrow       |       |       |     6 ||     6
  Use: Scroll            |       |     3 |     4 ||     7
       Potion            |       |     2 |     2 ||     4
Armor: Robe              |     3 |    23 |    40 ||    66
       Skin              |       |     1 |       ||     1
Dodge: Dodged            |    11 |    46 |    70 ||   127
